 Dungeon Crawl Stone Soup version 0.25.1-2-g60ff931df9 (webtiles) character file.

Game seed: 8880885287504540961

1756 RUZZLEFAZAZZLE the Shield-Bearer (level 9, -11/72 HPs)
             Began as a Gnoll Fighter on Aug 29, 2020.
             Was a Believer of Okawaru.
             Mangled by an orc warrior
             ... wielding a +0 scimitar
              (13 damage)
             ... on level 7 of the Dungeon.
             The game lasted 00:13:25 (4772 turns).

RUZZLEFAZAZZLE the Shield-Bearer (Gnoll Fighter)    Turns: 4772, Time: 00:13:26

Health: -11/72     AC: 11    Str: 21    XL:     9   Next: 6%
Magic:  14/14      EV:  5    Int: 14    God:    Okawaru [**....]
Gold:   229        SH: 17    Dex: 23    Spells: 15/15 levels left

rFire    . . .     SeeInvis +   a - +1 flail
rCold    . . .     Gourm    .   r - +0 tower shield
rNeg     + . .     Faith    .   n - +0 plate armour
rPois    .         Spirit   .   i - +2 helmet {Int+3}
rElec    .         Reflect  .   (no cloak)
rCorr    .         Harm     .   (no gloves)
MR       .....                  (no boots)
Stlth    ..........             k - amulet of regeneration
HPRegen  0.62/turn              j - +6 ring of dexterity
MPRegen  0.14/turn              l - ring of positive energy

@: invisible
A: distributed training, fangs 1, see invisible, agile 1, deformed body,
MP-powered wands, strong nose
a: Heroism, Renounce Religion


You were on level 7 of the Dungeon.
You worshipped Okawaru.
Okawaru was pleased with you.
You were not hungry.

You visited 2 branches of the dungeon, and saw 8 of its levels.

You collected 229 gold pieces.

Inventory:

Hand Weapons
 a - a +1 flail (weapon)
Armour
 i - a +2 helmet of intelligence (worn)
 n - a +0 plate armour (worn)
 r - a +0 tower shield (worn)
Jewellery
 j - a +6 ring of dexterity (left hand)
 k - an amulet of regeneration (around neck)
 l - a ring of positive energy (right hand)
 s - the ring "Plog" {+Blink MR+ Str-4 Dex+6, unknown}
   (You found it on level 7 of the Dungeon)

   [ring of protection from magic]

   It affects your strength (-4).
   It affects your dexterity (+6).
   It affects your resistance to hostile enchantments.
   It lets you blink.
Wands
 d - a wand of clouds (7)
Scrolls
 h - 3 scrolls of teleportation
 m - a scroll of remove curse
 o - a scroll of amnesia
Potions
 b - a potion of stabbing
 e - 4 potions of flight
 g - 3 potions of lignification
 q - a potion of invisibility
Comestibles
 c - 11 chunks of flesh
 f - 9 rations


   Skills:
 + Level 7.6 Fighting
 + Level 3.8 Short Blades
 + Level 3.8 Long Blades
 + Level 3.8 Axes
 + Level 6.0 Maces & Flails
 + Level 3.8 Polearms
 + Level 3.8 Staves
 + Level 3.8 Slings
 + Level 3.8 Bows
 + Level 3.8 Crossbows
 + Level 3.8 Throwing
 + Level 7.6 Armour
 + Level 3.8 Dodging
 + Level 3.8 Stealth
 + Level 7.6 Shields
 + Level 3.8 Unarmed Combat
 + Level 3.8 Spellcasting
 + Level 3.1 Conjurations
 + Level 3.1 Hexes
 + Level 3.1 Charms
 + Level 3.1 Summonings
 + Level 3.1 Necromancy
 + Level 3.1 Translocations
 + Level 3.1 Transmutations
 + Level 3.1 Fire Magic
 + Level 3.1 Ice Magic
 + Level 3.1 Air Magic
 + Level 3.1 Earth Magic
 + Level 3.1 Poison Magic
 + Level 4.1 Invocations
 + Level 3.8 Evocations


You had 15 spell levels left.
You didn't know any spells.
Your spell library contained the following spells:

 Spells                   Type           Power        Failure   Level  Hunger
 Animate Skeleton         Necr           N/A          100%        1    None
 Pain                     Necr           ##..         100%        1    None
 Vampiric Draining        Necr           ##........   100%        3    ###....
 Animate Dead             Necr           N/A          100%        4    ####...
 Agony                    Necr           ##......     100%        5    ######.


Dungeon Overview and Level Annotations

Branches:
Dungeon (7/15)             Temple (1/1) D:6

Altars:
Ashenzari
Cheibriados
Elyvilon
Fedhas
Gozag
Hepliaklqana
Kikubaaqudgha
Makhleb
Nemelex Xobeh
Okawaru
Qazlal
Sif Muna
Trog
Uskayaw
Wu Jian
Xom
Zin
The Shining One


Innate Abilities, Weirdness & Mutations

Your experience applies equally to all skills.
You have very sharp teeth.
Your uncanny sense of smell can sniff out nearby items.
You have supernaturally acute eyesight. (SInv)
You are agile. (Dex +2)
Armour fits poorly on your strangely shaped body.
You expend magic power (3 MP) to strengthen your wands.


Message History

You block the orc's attack.
The orc warrior hits you with a +0 scimitar.
* * * LOW HITPOINT WARNING * * *
You closely miss the orc warrior.
The orc warrior is almost dead.
You block the orc's attack.
You feel better. You block the orc warrior's attack.
You block the orc's attack.
Your shield and plate armour prevent you from hitting the orc warrior.
Your bite misses the orc warrior.
The orc warrior is almost dead.
You block the orc warrior's attack. You block the orc's attack.
You hit the orc warrior but do no damage.
The orc warrior is almost dead.
The orc warrior hits you with a +0 scimitar!!
* * * LOW HITPOINT WARNING * * *
You block the orc's attack.
You fade into invisibility!
The orc warrior hits you with a +0 scimitar!
You die...

#.##.....# ###
#.##.....#####
.....#.##..........
#.....##.#.####
#.....##.....# ###
#........####.#.#
...# #.##.....#
#.#>##..# ..
.......# #..)....#
# .##.#####
###@###... . #.
#.oo...(..# ..
#.###.##### ... .#
... # #.:. #.. #..
∆


You could see an orc warrior and an orc.

Vanquished Creatures
  A hippogriff (D:6)
  An orc warrior (D:6)
  2 centaurs (D:6)
  5 bullfrogs
  3 wights (D:6)
  A howler monkey (D:4)
  5 crimson imps
  4 hounds
  A centaur skeleton (D:4)
  4 orc priests
  An iguana (D:5)
  3 orc wizards
  Terence (D:2)
  2 worker ants (D:6)
  3 gnolls (D:6)
  8 adders
  4 shadow imps
  3 worms
  2 dart slugs (D:1)
  3 leopard geckos
  14 orcs
  A ball python (D:3)
  3 giant cockroaches
  4 hobgoblins
  11 jackals
  10 kobolds
  A quokka (D:5)
  3 bats
  2 frilled lizards
  9 goblins
  7 rats
122 creatures vanquished.

Notes
Turn   | Place    | Note
-------+----------+-------------------------------------------
     0 | D:1      | RUZZLEFAZAZZLE the Gnoll Fighter began the quest for the
                  | Orb.
     0 | D:1      | Reached XP level 1. HP: 23/23 MP: 1/1
     9 | D:1      | You fall into a shaft and drop 1 floor!
    22 | D:2      | Noticed Terence
    32 | D:2      | Killed Terence
    32 | D:2      | Reached XP level 2. HP: 23/29 MP: 2/2
    32 | D:2      | Reached XP level 3. HP: 28/35 MP: 3/3
    47 | D:2      | Noticed a bullfrog
    68 | D:2      | Killed a bullfrog
    68 | D:2      | Reached skill level 1 in Short Blades
    68 | D:2      | Reached skill level 1 in Long Blades
    68 | D:2      | Reached skill level 1 in Axes
    68 | D:2      | Reached skill level 1 in Polearms
    68 | D:2      | Reached skill level 1 in Staves
    68 | D:2      | Reached skill level 1 in Slings
    68 | D:2      | Reached skill level 1 in Bows
    68 | D:2      | Reached skill level 1 in Crossbows
    68 | D:2      | Reached skill level 1 in Throwing
    68 | D:2      | Reached skill level 1 in Dodging
    68 | D:2      | Reached skill level 1 in Stealth
    68 | D:2      | Reached skill level 1 in Unarmed Combat
    68 | D:2      | Reached skill level 1 in Spellcasting
    68 | D:2      | Reached skill level 1 in Invocations
    68 | D:2      | Reached skill level 1 in Evocations
    68 | D:2      | Reached XP level 4. HP: 10/41 MP: 3/5
   393 | D:1      | Reached skill level 1 in Conjurations
   393 | D:1      | Reached skill level 1 in Hexes
   393 | D:1      | Reached skill level 1 in Charms
   393 | D:1      | Reached skill level 1 in Summonings
   393 | D:1      | Reached skill level 1 in Necromancy
   393 | D:1      | Reached skill level 1 in Translocations
   393 | D:1      | Reached skill level 1 in Transmutations
   393 | D:1      | Reached skill level 1 in Fire Magic
   393 | D:1      | Reached skill level 1 in Ice Magic
   393 | D:1      | Reached skill level 1 in Air Magic
   393 | D:1      | Reached skill level 1 in Earth Magic
   393 | D:1      | Reached skill level 1 in Poison Magic
  1379 | D:2      | Reached XP level 5. HP: 47/47 MP: 6/6
  1615 | D:3      | Found a snail-covered altar of Cheibriados.
  1616 | D:3      | Found an opulent altar of Gozag.
  1616 | D:3      | Found a burning altar of Makhleb.
  1718 | D:3      | Found a stormy altar of Qazlal.
  1718 | D:3      | Found a hide-covered altar of Uskayaw.
  1719 | D:3      | Found a shattered altar of Ashenzari.
  1763 | D:3      | Found an ornate altar of the Wu Jian Council.
  1846 | D:3      | Gained mutation: Your magical capacity is low. (-10% MP)
                  | [potion of mutation]
  1846 | D:3      | Gained mutation: Your body sometimes deteriorates upon
                  | taking damage. [potion of mutation]
  1846 | D:3      | Gained mutation: You expend magic power (3 MP) to
                  | strengthen your wands. [potion of mutation]
  1847 | D:3      | Lost mutation: Your magical capacity is low. (-10% MP)
                  | [potion of mutation]
  1847 | D:3      | Lost mutation: Your body sometimes deteriorates upon taking
                  | damage. [potion of mutation]
  1847 | D:3      | Gained mutation: Armour fits poorly on your strangely
                  | shaped body. [potion of mutation]
  1847 | D:3      | Gained mutation: You have supernaturally acute eyesight.
                  | (SInv) [potion of mutation]
  1847 | D:3      | Gained mutation: You are agile. (Dex +2) [potion of
                  | mutation]
  2381 | D:4      | Identified the +0 leather armour of the Bard {Regen+}
  2597 | D:4      | Found an iron altar of Okawaru.
  2609 | D:4      | Reached XP level 6. HP: 50/53 MP: 8/8
  2613 | D:4      | Became a worshipper of Warmaster Okawaru
  2974 | D:5      | Entered Level 5 of the Dungeon
  2992 | D:4      | Reached skill level 5 in Maces & Flails
  3318 | D:5      | Reached XP level 7. HP: 53/59 MP: 10/10
  3542 | D:5      | Found a blossoming altar of Fedhas.
  3656 | D:6      | Reached * piety under Okawaru
  3772 | D:6      | Reached XP level 8. HP: 62/67 MP: 12/12
  3817 | D:6      | Found a staircase to the Ecumenical Temple.
  3841 | Temple   | Entered the Ecumenical Temple
  4257 | D:6      | Noticed a hippogriff
  4270 | D:6      | Killed a hippogriff
  4270 | D:6      | Reached ** piety under Okawaru
  4669 | D:6      | Reached XP level 9. HP: 62/72 MP: 14/14
  4702 | D:7      | Got a scintillating wooden ring
  4771 | D:7      | HP: 1/72 [orc warrior/+0 scimitar (18)]
  4772 | D:7      | Mangled by an orc warrior

Illustrated notes

Levels and vault maps discovered:
D:1:      dpeg_arrival_court, layout_basic, minmay_misc_feat_square
D:2:      layout_basic, uniq_terence
D:3:      layout_basic, grunt_temple_overflow_open, lemuel_crystal_altar
D:4:      layout_basic, okawaru_trees_2, first_ration
D:5:      layout_rooms, nicolae_overflow_hidden_temple,
          kennysheep_generic_room_6
D:6:      layout_basic, temple_fountains, minmay_unpleasant_kobolds
D:7:      layout_loops_cross, kennysheep_little_box, lemuel_round_altar,
          grunt_ministairs_2, grunt_ogre_cave, uniq_prince_ribbit1, uniq_pikel
Temple:   jpeg_temple_island

Skill      XL: |  1  2  3  4  5  6  7  8  9 |
---------------+----------------------------+-----
Short Blades   | 1 2 3 |  3.8
Long Blades    | 1 2 3 |  3.8
Axes           | 1 2 3 |  3.8
Polearms       | 1 2 3 |  3.8
Staves         | 1 2 3 |  3.8
Slings         | 1 2 3 |  3.8
Bows           | 1 2 3 |  3.8
Crossbows      | 1 2 3 |  3.8
Throwing       | 1 2 3 |  3.8
Dodging        | 1 2 3 |  3.8
Stealth        | 1 2 3 |  3.8
Unarmed Combat | 1 2 3 |  3.8
Spellcasting   | 1 2 3 |  3.8
Invocations    | 1 2 3 4 |  4.1
Evocations     | 1 2 3 |  3.8
Conjurations   | 1 2 3 |  3.1
Hexes          | 1 2 3 |  3.1
Charms         | 1 2 3 |  3.1
Summonings     | 1 2 3 |  3.1
Necromancy     | 1 2 3 |  3.1
Translocations | 1 2 3 |  3.1
Transmutations | 1 2 3 |  3.1
Fire Magic     | 1 2 3 |  3.1
Ice Magic      | 1 2 3 |  3.1
Air Magic      | 1 2 3 |  3.1
Earth Magic    | 1 2 3 |  3.1
Poison Magic   | 1 2 3 |  3.1
Maces & Flails | 5 6 |  6.0
Fighting       | 7 |  7.6
Armour         | 7 |  7.6
Shields        | 7 |  7.6

Action                   |  1- 3 |  4- 6 |  7- 9 || total
-------------------------+-------+-------+-------++-------
Melee: Flail             |    37 |   259 |   220 ||   516
       Bite              |     6 |    33 |    40 ||    79
  Use: Scroll            |       |    13 |     1 ||    14
       Potion            |       |     5 |     4 ||     9
  Eat: Chunk             |       |     8 |     5 ||    13
Armor: Scale mail        |    14 |    46 |       ||    60
       Plate armour      |       |    95 |    89 ||   184
Dodge: Dodged            |     9 |    50 |    29 ||    88
Block: Kite shield       |    24 |   129 |       ||   153
       Tower shield      |       |    77 |   229 ||   306
